 Dungeon Crawl Stone Soup version 0.25-a0-435-g4b9beb1 (webtiles) character file.

Game seed: 4384748589439755305, levelgen mode: deterministic

650015 rhoddlet the Conqueror (level 27, -1/199 HPs)
             Began as a Gargoyle Fighter on Jan 27, 2020.
             Was the Champion of Okawaru.
             Slain by an Orb Guardian (6 damage)
             ... on level 5 of the Realm of Zot on Jan 29, 2020.
             The game lasted 09:14:47 (107978 turns).

rhoddlet the Conqueror (Gargoyle Fighter)         Turns: 107978, Time: 09:14:48

Health: -1/199     AC: 42    Str: 30      XL:     27
Magic:  0/13       EV:  7    Int: 11 (12) God:    Okawaru [******]
Gold:   1733       SH: 23    Dex:  6 (7)  Spells: 26/26 levels left

rFire    + + +     SeeInvis +   e - +0 war axe (antimagic)
rCold    + + +     Gourm    .   V - +5 shield {rF+}
rNeg     + + .     Faith    .   B - +1 gold dragon scales
rPois    ∞         Spirit   .   p - +2 hat {MR+}
rElec    +         Reflect  .   U - scarf {rC+ rF+}
rCorr    +         Harm     .   G - +2 pair of gloves "Jethruiz" {Regen+ MP+9}
MR       +++++     Rnd*Rage +   l - +1 pair of boots of Hedge Wizardry {Dex+7} Stlth ..........Rnd*Tele +
                                c - amulet of the acrobat
HPRegen  0.83/turn              X - ring of Atheism {MR+ Str+2 Dex-5 SInv}
MPRegen  0.13/turn              E - ring of Arrival {rN+ MR+ SInv}

@: about to teleport, resistant, flying
A: big wings, talons 1, berserk 1, blurry vision 1, clumsy 2, deformed body,
deterioration 1, dopey 1, low mp 1, negative energy resistance 1, sense
surroundings 1, electricity resistance, teleportitis 2, unbreathing,
petrification resistance, no potion heal 1, rot immunity, MP-powered wands, AC
+20
}: 3/15 runes: decaying, silver, gossamer
a: Stop Flying, Heroism, Finesse, Renounce Religion


You were on level 5 of the Realm of Zot.
You worshipped Okawaru.
Okawaru was exalted by your worship.
You were not hungry.

You visited 10 branches of the dungeon, and saw 50 of its levels.
You also visited: Trove.

You collected 7265 gold pieces.
You spent 5532 gold pieces at shops.

Inventory:

Hand Weapons
 a - a +9 eveningstar of draining
 b - the +11 hand crossbow of Offence {flame, rC+ Str+4 Stlth+}
   (Okawaru gifted it to you on level 4 of the Vaults)

   It causes projectiles fired from it to burn those they strike, causing extra
   injury to most foes and up to half again as much damage against particularly
   susceptible opponents.
   It affects your strength (+4).
   It protects you from cold.
   It makes you more stealthy.
 e - a +0 antimagic war axe (weapon)
 j - a +8 morningstar of holy wrath
 M - the +4 eveningstar "Emuhasm" {venom, rC+ MR+ Str+4}
   (Okawaru gifted it to you on level 6 of the Lair of Beasts)

   It poisons the flesh of those it strikes.
   It affects your strength (+4).
   It protects you from cold.
   It affects your resistance to hostile enchantments.
 O - the +9 war axe "Detile" {freeze, -Tele Dex+8 Stlth+}
   (You bought it in a shop on level 10 of the Dungeon)

   It has been specially enchanted to freeze those struck by it, causing extra
   injury to most foes and up to half again as much damage against particularly
   susceptible opponents.
   It can also slow down cold-blooded creatures.
   It affects your dexterity (+8).
   It prevents most forms of teleportation.
   It makes you more stealthy.
Missiles
 t - 6 javelins
 P - 280 bolts (quivered)
Armour
 l - the +1 pair of boots of Hedge Wizardry (worn) {Dex+7}
   (You bought it in a shop on level 10 of the Dungeon)

   It affects your dexterity (+7).
   If you remove this armour, your AC will fall 3 points (42 -> 39)
 p - a +2 hat of magic resistance (worn)
 B - +1 gold dragon scales (worn)
 G - the +2 pair of gloves "Jethruiz" (worn) {Regen+ MP+9}
   (Okawaru gifted it to you on level 5 of the Depths)

   It affects your magic capacity (+9).
   It increases your rate of regeneration.
   If you remove this armour, your AC will fall 4 points (42 -> 38)
 T - the +5 plate armour of Submission {rElec rC++ rN+ Dex+2}
   (You found it on level 2 of the Depths)

   It affects your dexterity (+2).
   It greatly protects you from cold.
   It insulates you from electricity.
   It protects you from negative energy.
   If you switch to wearing this armour, your AC will rise 2 points (42 -> 44)
 U - a scarf of resistance (worn)
 V - a +5 shield of fire resistance (worn)
Jewellery
 c - an amulet of the acrobat (around neck)
 E - the ring of Arrival (right hand) {rN+ MR+ SInv}
   (You found it on level 5 of the Dungeon)

   [ring of see invisible]

   It protects you from negative energy.
   It affects your resistance to hostile enchantments.
   It lets you see invisible.
 S - the ring of Shadows {Umbra +Inv Stlth+}
   (You took it off a vampire knight on level 4 of the Depths)

   [ring of stealth]

   It lets you turn invisible.
   It makes you more stealthy.
 X - the ring of Atheism (left hand) {MR+ Str+2 Dex-5 SInv}
   (You took it off a deep elf mage on level 3 of the Elven Halls)

   [ring of protection from magic]

   It affects your strength (+2).
   It affects your dexterity (-5).
   It affects your resistance to hostile enchantments.
   It lets you see invisible.
Wands
 n - a wand of clouds (14)
 o - a wand of digging (23)
 v - a wand of iceblast (26)
Scrolls
 i - 2 scrolls of fog
 k - a scroll of teleportation
 r - a scroll of identify
 u - 2 scrolls of immolation
 y - 2 scrolls of magic mapping
 C - 23 scrolls of remove curse
 K - a scroll of summoning
 Z - 2 scrolls of holy word
Potions
 h - 12 potions of curing
 m - 3 potions of resistance
 q - 10 potions of agility
 s - 3 potions of haste
 w - 4 potions of mutation
 x - 4 potions of might
 A - 4 potions of invisibility
 F - 3 potions of berserk rage
 Y - 4 potions of cancellation
Miscellaneous
 g - a lamp of fire
 z - a lamp of fire
 H - a lamp of fire
 I - a fan of gales
 J - a phial of floods (inert)
 L - a lightning rod (4/4)
 Q - a phial of floods (inert)
 R - a lamp of fire
 W - a phial of floods (inert)
Comestibles
 f - 34 rations


   Skills:
 O Level 27 Fighting
 * Level 15.6(17.8) Axes
 - Level 16.0(18.7) Maces & Flails
   Level 0.7(4.4) Slings
 * Level 10.0 Crossbows
 - Level 7.1 Throwing
 - Level 11.5 Armour
 - Level 4.6 Dodging
 + Level 4.7 Stealth
 - Level 25.9 Shields
 * Level 14.6 Invocations
 * Level 17.0 Evocations


You had 26 spell levels left.
You didn't know any spells.
Your spell library contained the following spells:

 Spells                   Type           Power        Failure   Level  Hunger
 Animate Skeleton         Necr           N/A          100%        1    ##.....
 Apportation              Tloc           #.....       100%        1    ##.....
 Beastly Appendage        Tmut           #.....       100%        1    ##.....
 Corona                   Hex            #......      100%        1    ##.....
 Foxfire                  Conj/Fire      #...         100%        1    ##.....
 Freeze                   Ice            #...         100%        1    ##.....
 Infusion                 Chrm           #...         100%        1    ##.....
 Magic Dart               Conj           #...         100%        1    ##.....
 Sandblast                Erth           #.....       100%        1    ##.....
 Sting                    Tmut/Pois      #...         100%        1    ##.....
 Summon Butterflies       Summ           #.......     100%        1    ##.....
 Summon Small Mammal      Summ           #...         100%        1    ##.....
 Ensorcelled Hibernation  Hex/Ice        #.....       100%        2    ###....
 Passwall                 Tmut/Erth      #.......     100%        2    ###....
 Poisonous Vapours        Pois/Air       #.....       100%        2    ###....
 Searing Ray              Conj           #.....       100%        2    ###....
 Shroud of Golubria       Chrm/Tloc      #.....       100%        2    ###....
 Song of Slaying          Chrm           #.......     100%        2    ###....
 Sticks to Snakes         Tmut           #.......     100%        2    ###....
 Call Canine Familiar     Summ           #.......     100%        3    ####...
 Confusing Touch          Hex            #.......     100%        3    ####...
 Conjure Flame            Conj/Fire      #.......     100%        3    ####...
 Dazzling Flash           Conj/Hex       #.....       100%        3    ####...
 Gell's Gravitas          Tloc           #.........   100%        3    ####...
 Ignite Poison            Fire/Tmut/Pois #.......     100%        3    ####...
 Inner Flame              Hex/Fire       #.......     100%        3    ####...
 Mephitic Cloud           Conj/Pois/Air  #.......     100%        3    ####...
 Ozocubu's Armour         Chrm/Ice       #.......     100%        3    ####...
 Recall                   Summ/Tloc      N/A          100%        3    ####...
 Spectral Weapon          Hex/Chrm       #.......     100%        3    ####...
 Spider Form              Tmut/Pois      #.........   100%        3    ####...
 Static Discharge         Conj/Air       #.......     100%        3    ####...
 Stone Arrow              Conj/Erth      #.....       100%        3    ####...
 Teleport Other           Tloc           #.......     100%        3    ####...
 Animate Dead             Necr           N/A          100%        4    #####..
 Cause Fear               Hex            #.........   100%        4    #####..
 Fulminant Prism          Conj/Hex       #.........   100%        4    #####..
 Ice Form                 Ice/Tmut       #.......     100%        4    #####..
 Iskenderun's Mystic Bla  Conj/Tloc      #.......     100%        4    #####..
 Leda's Liquefaction      Hex/Erth       #.........   100%        4    #####..
 Olgreb's Toxic Radiance  Pois           #.......     100%        4    #####..
 Petrify                  Tmut/Erth      #.......     100%        4    #####..
 Sticky Flame             Conj/Fire      #.......     100%        4    #####..
 Summon Ice Beast         Ice/Summ       #.......     100%        4    #####..
 Aura of Abjuration       Summ           #.........   100%        5    ######.
 Blade Hands              Tmut           #.........   100%        5    ######.
 Bolt of Magma            Conj/Fire/Erth #.........   100%        5    ######.
 Borgnjor's Vile Clutch   Necr/Erth      #.........   100%        5    ######.
 Irradiate                Conj/Tmut      #.........   100%        5    ######.
 Iskenderun's Battlesphe  Conj/Chrm      #.......     100%        5    ######.
 Lee's Rapid Deconstruct  Erth           #.........   100%        5    ######.
 Lightning Bolt           Conj/Air       #.........   100%        5    ######.
 Metabolic Englaciation   Hex/Ice        #.........   100%        5    ######.
 Silence                  Hex/Air        #.........   100%        5    ######.
 Summon Demon             Summ           #.........   100%        5    ######.
 Summon Forest            Summ/Tloc      #.........   100%        5    ######.
 Summon Mana Viper        Hex/Summ       #.......     100%        5    ######.
 Yara's Violent Unravell  Hex/Tmut       #.........   100%        5    ######.
 Darkness                 Hex            #.........   100%        6    #######
 Death Channel            Necr           #.........   100%        6    #######
 Eringya's Noxious Bog    Tmut/Pois      #.........   100%        6    #######
 Freezing Cloud           Conj/Ice/Air   #.........   100%        6    #######
 Hydra Form               Tmut           #.........   100%        6    #######
 Iron Shot                Conj/Erth      #.........   100%        6    #######
 Ozocubu's Refrigeration  Ice            #.........   100%        6    #######
 Shadow Creatures         Summ           N/A          100%        6    #######
 Simulacrum               Ice/Necr       #.........   100%        6    #######
 Dragon Form              Tmut           #.........   100%        7    #######
 Malign Gateway           Summ/Tloc      #.........   100%        7    #######
 Orb of Destruction       Conj           #.........   100%        7    #######
 Ring of Flames           Chrm/Fire      #.........   100%        7    #######
 Spellforged Servitor     Conj/Summ      #.........   100%        7    #######
 Summon Hydra             Summ           #.........   100%        7    #######
 Chain Lightning          Conj/Air       #.........   100%        8    #######
 Ignition                 Fire           #.........   100%        8    #######
 Lehudib's Crystal Spear  Conj/Erth      #.........   100%        8    #######
 Dragon's Call            Summ           #.........   100%        9    #######
 Fire Storm               Conj/Fire      #.........   100%        9    #######
 Glaciate                 Conj/Ice       #.........   100%        9    #######
 Shatter                  Erth           #.........   100%        9    #######
 Tornado                  Air            #.........   100%        9    #######
 Statue Form              Tmut/Erth      Unusable     N/A         6    N/A

Dungeon Overview and Level Annotations

Branches:
Dungeon (15/15)            Temple (1/1) D:4            Lair (6/6) D:8
  Swamp (4/4) Lair:4       Spider (4/4) Lair:2        Slime (0/5) Lair:6
    Orc (2/2) D:10            Elf (3/3) Orc:2        Vaults (5/5) D:14
  Crypt (0/3) Vaults:3     Depths (5/5) D:15            Zot (5/5) Depths:5

Altars:
Cheibriados
Dithmenos
Elyvilon
Gozag
Hepliaklqana
Kikubaaqudgha
Makhleb
Okawaru
Qazlal
Ru
Sif Muna
Trog
Uskayaw
Vehumet
Wu Jian
Xom
Yredelemnul
The Shining One
Beogh
Jiyva

Shops:
D:5 !   D:10 [(**   D:12 }   Orc:2 **!*   Elf:2 (**   Elf:3 !   Vaults:2 }
Depths:1 (   Depths:2 [*::   Depths:3 *

Portals:
Hell: Depths:1 Depths:2 Depths:3 Depths:4 Depths:5
Abyss: Depths:4 Depths:5
Pandemonium: Depths:3
Ziggurat: Depths:2

Annotations:
Lair:4 exclusion: oklob plant
Lair:6 exclusion: 4 oklob plants
Depths:1 3 runed translucent doors
Zot:4 exclusion: 2 lightning spires


Innate Abilities, Weirdness & Mutations

You are resistant to torment.
Your stone body is resilient. (AC +20)
You are immune to poison.
Your large and strong wings let you fly indefinitely.
You resist negative energy. (rN+)
You are resistant to electric shocks. (rElec)
You can survive without breathing.
You are immune to petrification.
You are immune to rotting.
You have sharp toenails.
You tend to lose your temper in combat.
Scrolls take you a little longer to read.
You are very clumsy. (Dex -4)
Armour fits poorly on your strangely shaped body.
Your body sometimes deteriorates upon taking damage.
You are dopey. (Int -2)
Your magical capacity is low. (-10% MP)
You passively map a small area around you.
You are sometimes teleported next to monsters.
Potions are less effective at restoring your health.
You expend magic power (3 MP) to strengthen your wands.


Message History

The storm dragon claws your storm dragon.
The storm dragon tramples your storm dragon.
Your storm dragon holds its ground!
You block the Orb Guardian's attack.
Your moth of wrath bites the moth of wrath!
The moth of wrath closely misses your ghost moth.
Your ghost moth hits the moth of wrath! x2
Your ghost moth stings the moth of wrath.
Your storm dragon bites the storm dragon but does no damage.
Your storm dragon claws the storm dragon but does no damage.
Your storm dragon closely misses the storm dragon.
The ghost moth hits you but does no damage. x2
The ghost moth barely misses you. You block the Orb Guardian's attack.
The moth of wrath bites your moth of wrath.
The ancient lich touches you.
* * * LOW HITPOINT WARNING * * *
The storm dragon bites your storm dragon!!
The storm dragon claws your storm dragon but does no damage.
The storm dragon completely misses your storm dragon.
You block the ancient lich's attack. The Orb Guardian hits you.
You die...

▓......^.y......,,,,,,,,,***,,
*▓...................^,,,**,,,
*▓..................,,,,*,,,,
▓▓.................,,,,,,,,,
▓▓.........p........,,,,*,,^,
*▓.......§§§..≈......,,,,**,,,
▓.........§§D§y....^.,,,,***,,
▓.^.......§§*LXy.....,,,,* ***
▓▓......§§§L*@X......,,,**
▓▓.....§§§§LLy......,***
▓▓▓▓..§§§§yyDD...▓▓**
▓▓▓▓▓▓▓▓▓▓▓▓▓▓▓


You could see 2 orbs of fire, 4 ancient liches, 2 storm dragons, 2 Orb
Guardians, a ghost moth (invisible), 2 moths of wrath, a friendly storm dragon,
a friendly ghost moth (invisible) and a friendly moth of wrath (berserk).

Vanquished Creatures
  4 orbs of fire
  An ancient lich (Zot:5)
  Mara (Vaults:5)
  2 juggernauts
  The ghost of krigyl the Wrestler, a veteran TrMo of Makhleb (Zot:1)
  A shard shrike (Zot:2)
  Margery (Vaults:3)
  2 Killer Klowns
  Bai Suzhen (Spider:2)
  Xtahua (Vaults:4)
  5 caustic shrikes
  4 curse toes
  10 golden dragons
  Nikola (Depths:1)
  7 liches
  21 tentacled monstrosities
  2 electric golems
  13 Orb Guardians (Zot:5)
  3 deep elf blademasters
  5 titans
  3 quicksilver dragons
  12 death cobs
  An ancient champion (Vaults:3)
  2 deep elf master archers (Elf:3)
  4 thorn hunters
  Frances (D:12)
  6 sphinxes
  7 tengu reavers
  19 storm dragons
  13 fire giants
  11 shadow dragons
  An azure jelly (shapeshifter) (Vaults:5)
  Donald (Spider:4)
  8 draconian monks
  2 draconian knights
  14 vault wardens
  An azure jelly (Swamp:4)
  14 frost giants
  9 draconian scorchers
  7 ghost moths
  8 emperor scorpions
  Louise (Depths:5)
  5 deep elf sorcerers
  3 iron dragons
  4 deep elf elementalists
  2 orc warlords (Orc:1)
  4 draconian stormcallers
  3 spriggan defenders
  6 draconian shifters
  16 ironheart preservers
  5 draconian annihilators
  22 stone giants
  A war gargoyle (Vaults:4)
  4 entropy weavers
  34 very ugly things
  15 green draconians
  3 vampire knights
  8 deep elf demonologists
  18 black draconians
  8 yellow draconians
  10 red draconians
  11 white draconians
  Azrael (D:14)
  7 deep elf annihilators
  7 purple draconians
  7 spark wasps
  3 large abominations
  An ettin (shapeshifter) (Vaults:5)
  A blizzard demon (Depths:3)
  10 deep elf death magi
  9 ettins
  17 ogre magi
  18 fire dragons
  3 deep elf high priests
  10 great orbs of eyes
  6 rakshasas
  16 yaktaur captains
  The ghost of Jujoj the Protected, a journeyman MiFi of Okawaru (D:12)
  An ice dragon (shapeshifter) (Vaults:4)
  13 ice dragons
  12 hydras
  14 centaur warriors
  37 vault guards
  A merfolk avatar (Lair:6)
  6 spriggan air magi
  4 shambling mangroves
  4 death knights
  56 two-headed ogres
  11 alligators
  A queen ant (Lair:5)
  14 tengu warriors
  A satyr (shapeshifter) (Vaults:5)
  10 deep troll earth magi
  2 queen ants (shapeshifter)
  4 orc high priests
  23 dancing weapons
  6 deep troll shamans
  A shock serpent (Zot:4)
  8 spriggan berserkers
  2 vampire magi
  5 iron trolls
  18 deep elf knights
  2 sixfirhies (Zot:4)
  6 shadow wraiths
  2 skeletal warriors (D:15)
  2 death drakes (Depths:5)
  5 hell knights
  3 unseen horrors
  6 glowing orange brains
  A swamp dragon (Swamp:2)
  3 flayed ghosts
  23 deep trolls
  A gelid demonspawn (Depths:3)
  3 spriggan druids
  16 deep elf archers
  A golden dragon skeleton (D:15)
  4 phantasmal warriors
  An orb spider (shapeshifter) (D:13)
  4 wizards
  Pikel (D:5)
  5 harpies
  A lindwurm (Depths:5)
  5 necromancers
  19 orc knights
  19 orb spiders
  39 wolf spiders
  14 ironbrand convokers
  A cyclops (shapeshifter) (Depths:4)
  9 orc sorcerers
  25 ugly things
  A stone giant zombie (D:15)
  4 manticores
  A tengu skeleton (D:15)
  A stone giant skeleton (D:15)
  8 cyclopes
  61 deep elf magi
  9 elephants
  Joseph (Lair:1)
  An elephant (shapeshifter) (Vaults:1)
  2 centaur zombies
  A naga mage (Vaults:4)
  24 moths of wrath
  17 vault sentinels
  2 spiny frogs (shapeshifter)
  2 torpor snails (shapeshifter)
  A molten gargoyle (Depths:3)
  6 black mambas
  2 centaur skeletons (D:15)
  27 spiny frogs
  2 torpor snails
  13 freezing wraiths
  40 yaktaurs
  5 rime drakes
  A yaktaur zombie (Depths:1)
  15 demonic crawlers
  A spark wasp simulacrum (Depths:1)
  12 komodo dragons
  7 kobold demonologists
  An ice devil (Depths:3)
  An efreet (D:13)
  6 tengu conjurers
  38 jumping spiders
  A jumping spider (shapeshifter) (Vaults:4)
  2 red devils (Depths:3)
  10 trolls
  3 meliai (Spider:1)
  4 wind drakes (Depths:5)
  7 polar bears
  2 queen bees (shapeshifter)
  12 tyrant leeches
  A troll (shapeshifter) (Depths:5)
  An ettin zombie (Depths:1)
  A dream sheep (shapeshifter) (Vaults:4)
  40 hornets
  2 raiju (Zot:4)
  6 bog bodies
  32 slime creatures
  12 hippogriffs
  Grinder (D:3)
  16 dream sheep
  A hippogriff (shapeshifter) (Vaults:5)
  A raiju (shapeshifter) (Vaults:4)
  14 blink frogs
  An ettin skeleton (Vaults:1)
  A tarantella (shapeshifter) (Vaults:4)
  94 redbacks
  3 wraiths
  13 spriggans
  5 shadows
  3 wyverns
  35 tarantellas
  28 yaks
  4 basilisks
  A yak (shapeshifter) (Vaults:4)
  A water elemental (Elf:2)
  8 fire elementals
  7 swamp worm simulacra (Swamp:4)
  14 vampire mosquitoes
  26 soldier ants
  A naga (shapeshifter) (Vaults:2)
  5 wargs
  An acid dragon (Vaults:1)
  16 swamp worms
  A floating eye (Depths:4)
  6 swamp drakes
  A hell hound (D:13)
  19 hydra simulacra
  14 water moccasins
  2 hornet zombies
  13 porcupines
  A meliai simulacrum (D:11)
  5 phantoms
  53 orc warriors
  5 sky beasts
  A slave (D:5)
  A black bear (shapeshifter) (Elf:2)
  A black bear (D:13)
  An eye of draining (D:9)
  6 necrophages
  An eye of draining (shapeshifter) (Depths:1)
  41 ogres
  4 ice beasts
  11 wolves
  A boggart (shapeshifter) (Vaults:4)
  4 boggarts (Depths:3)
  19 centaurs
  An orc skeleton (Vaults:1)
  16 crocodiles
  A big kobold (shapeshifter) (Vaults:5)
  7 big kobolds
  19 bullfrogs
  5 earth elementals
  An elf simulacrum (Vaults:1)
  A water moccasin zombie (D:8)
  3 scorpions
  4 human simulacra
  4 killer bees (D:11)
  4 wights (D:11)
  4 electric eels
  4 howler monkeys
  5 crimson imps
  2 quasits (D:10)
  3 bullfrog zombies
  4 jellies
  8 hounds
  33 orc priests
  A gnoll shaman (D:6)
  An iron imp (Depths:3)
  32 orc wizards
  A bullfrog skeleton (D:13)
  Jessica (D:2)
  5 iguanas
  Terence (D:2)
  25 worker ants
  2 hound skeletons
  2 mummies (D:8)
  2 worker ant zombies
  Robin (D:3)
  A howler monkey skeleton (D:7)
  9 gnolls
  13 adders
  5 shadow imps
  2 oozes (D:2)
  A swamp drake simulacrum (Swamp:4)
  An adder skeleton (D:5)
  A worm (D:3)
  9 dart slugs
  7 leopard geckos
  106 orcs
  12 bats
  6 giant cockroaches
  12 hobgoblins
  5 jackals
  5 quokkas
  A ball python (D:4)
  4 frilled lizards
  A giant cockroach zombie (D:5)
  14 goblins
  A jackal zombie (D:8)
  33 kobolds
  A leopard gecko skeleton (D:9)
  6 rats
  5 crawling corpses
  A plant (Lair:6)
2430 creatures vanquished.

Vanquished Creatures (collateral kills)
  A tentacled monstrosity (Zot:5)
  A sky beast (D:12)
  2 centaurs (D:12)
  A bullfrog (D:12)
5 creatures vanquished.

Vanquished Creatures (others)
  A draconian monk (Zot:4)
  An azure jelly (Swamp:4)
  A ghost moth (Zot:4)
  A draconian knight (Zot:2)
  A black draconian (Zot:4)
  A yellow draconian (Zot:3)
  An ogre mage (Vaults:2)
  A deep elf knight (Elf:1)
  A spriggan druid (Swamp:3)
  An unseen horror (Vaults:1)
  A lindwurm (Depths:5)
  A cyclops (D:12)
  A spiny frog (Swamp:4)
  A tarantella (Spider:4)
  A hog (shapeshifter) (Vaults:4)
  A swamp drake (Depths:5)
  An orc priest (Orc:2)
  A howler monkey zombie (D:5)
  5 ball lightnings (Zot:4)
  An orc (Orc:1)
  A briar patch (Swamp:4)
  16 fungi
  10 plants
  A withered plant (D:15)
52 creatures vanquished.

Grand Total: 2487 creatures vanquished

Notes
Turn   | Place    | Note
-------+----------+-------------------------------------------
     0 | D:1      | rhoddlet the Gargoyle Fighter began the quest for the Orb.
     0 | D:1      | Reached XP level 1. HP: 14/14 MP: 1/1
   131 | D:1      | Reached XP level 2. HP: 19/19 MP: 2/2
   242 | D:1      | Reached XP level 3. HP: 19/24 MP: 3/3
   837 | D:2      | Noticed Terence
   857 | D:2      | Reached XP level 4. HP: 24/29 MP: 4/4
   869 | D:2      | Killed Terence
   994 | D:2      | Reached skill level 1 in Dodging
   994 | D:2      | Reached XP level 5. HP: 24/33 MP: 5/5
  1223 | D:2      | Noticed Jessica
  1235 | D:2      | Killed Jessica
  1297 | D:2      | Reached skill level 4 in Fighting
  1675 | D:3      | Found a faded altar of an unknown god.
  1880 | D:3      | Reached XP level 6. HP: 18/38 MP: 6/6
  2127 | D:3      | Noticed Robin
  2138 | D:3      | Killed Robin
  2240 | D:3      | Reached skill level 5 in Shields
  2445 | D:3      | Noticed Grinder
  2455 | D:3      | Killed Grinder
  2455 | D:3      | Reached XP level 7. HP: 30/43 MP: 7/7
  2615 | D:3      | Found a bloodstained altar of Trog.
  2974 | D:4      | Reached skill level 5 in Maces & Flails
  3000 | D:4      | Found a hide-covered altar of Uskayaw.
  3000 | D:4      | Noticed a +0 hand axe
  3001 | D:4      | Noticed a +0 dagger
  3042 | D:4      | Found a staircase to the Ecumenical Temple.
  3057 | Temple   | Entered the Ecumenical Temple
  3083 | Temple   | Became a worshipper of Warmaster Okawaru
  3242 | D:4      | Found an opulent altar of Gozag.
  3244 | D:4      | Found a radiant altar of Vehumet.
  3245 | D:4      | Found a shadowy altar of Dithmenos.
  3245 | D:4      | Found a glowing golden altar of the Shining One.
  3245 | D:4      | Found a sacrificial altar of Ru.
  3246 | D:4      | Found a white marble altar of Elyvilon.
  3422 | D:5      | Entered Level 5 of the Dungeon
  3543 | D:5      | Reached XP level 8. HP: 42/48 MP: 8/8
  3685 | D:5      | Reached skill level 5 in Armour
  3755 | D:5      | Found Ogyon's Distillery.
  3766 | D:5      | Bought a potion of magic for 96 gold pieces
  3766 | D:5      | Bought 2 potions of agility for 96 gold pieces
  3833 | D:5      | Noticed Pikel
  3846 | D:5      | Killed Pikel
  3846 | D:5      | Reached skill level 5 in Fighting
  4512 | D:5      | Got a scintillating silver ring
  4513 | D:5      | Identified the ring of Arrival {rN+ MR+ SInv} (You found it
                  | on level 5 of the Dungeon)
  4612 | D:5      | Bought a potion of berserk rage for 60 gold pieces
  4651 | D:6      | Reached * piety under Okawaru
  4741 | D:6      | You fall into a shaft and drop 2 floors!
  4768 | D:7      | Reached XP level 9. HP: 54/54 MP: 7/9
  5847 | D:6      | Reached ** piety under Okawaru
  5920 | D:6      | Found a burning altar of Makhleb.
  6598 | D:7      | Reached XP level 10. HP: 60/60 MP: 10/10
  6680 | D:7      | Reached skill level 6 in Fighting
  7225 | D:8      | Reached *** piety under Okawaru
  7477 | D:8      | Found a hazy altar of Hepliaklqana.
  7811 | D:8      | Found a staircase to the Lair.
  8606 | D:9      | Noticed a brown ugly thing
  8616 | D:9      | Killed a brown ugly thing
  8616 | D:9      | Received a gift from Okawaru
  8616 | D:9      | Reached **** piety under Okawaru
  8616 | D:9      | Reached skill level 10 in Maces & Flails
  8616 | D:9      | Reached skill level 1 in Stealth
  9005 | D:9      | Found a snail-covered altar of Cheibriados.
  9101 | D:10     | Entered Level 10 of the Dungeon
  9101 | D:10     | Noticed a two-headed ogre
  9111 | D:9      | Killed a two-headed ogre
  9111 | D:9      | Reached skill level 7 in Fighting
  9111 | D:9      | Reached XP level 11. HP: 54/67 MP: 8/11
  9257 | D:10     | Reached skill level 10 in Shields
  9319 | D:10     | Found Pafey's Weapon Shop.
  9338 | D:10     | Found Ibapomatoif's Assorted Antiques.
  9349 | D:10     | Bought a scroll labeled AMUUNL TUETAMP for 20 gold pieces
  9463 | D:10     | Reached ***** piety under Okawaru
  9523 | D:10     | Found a staircase to the Orcish Mines.
  9681 | D:10     | Found Gozag's Platinum Reserve.
  9685 | D:10     | Found an opulent altar of Gozag.
  9945 | D:10     | Found Tagid's Antique Armour Boutique.
  9956 | D:10     | Bought a pair of pitted boots for 218 gold pieces
  9966 | D:10     | Identified the +1 pair of boots of Hedge Wizardry {Dex+7}
                  | (You bought it in a shop on level 10 of the Dungeon)
 10644 | D:11     | Noticed an unseen horror
 10667 | D:11     | Killed an unseen horror
 11805 | D:11     | Noticed a sun demon
 11966 | D:12     | Noticed a cyclops
 11986 | D:12     | Noticed an unseen horror
 11989 | D:12     | Noticed a death knight
 11995 | D:12     | Received a gift from Okawaru
 12227 | D:11     | Noticed a soul eater
 12232 | D:11     | Reached XP level 12. HP: 73/73 MP: 12/12
 12304 | D:11     | Noticed a two-headed ogre
 12320 | D:11     | Killed a two-headed ogre
 12320 | D:11     | Reached skill level 8 in Fighting
 12320 | D:11     | Reached skill level 1 in Evocations
 12627 | Lair:1   | Entered Level 1 of the Lair of Beasts
 12736 | Lair:1   | Noticed Joseph
 12748 | Lair:1   | Killed Joseph
 12844 | Lair:1   | Noticed a seven-headed hydra
 12858 | Lair:1   | Killed a seven-headed hydra
 13086 | Lair:1   | Found a dark tunnel.
 13615 | Lair:2   | Noticed a five-headed hydra
 13629 | Lair:2   | Killed a five-headed hydra
 13646 | Lair:2   | Received a gift from Okawaru
 13684 | Lair:2   | Reached skill level 1 in Invocations
 14093 | Lair:2   | Noticed a seven-headed hydra
 14111 | Lair:2   | Killed a seven-headed hydra
 14402 | Lair:2   | Reached skill level 9 in Fighting
 14406 | Lair:2   | Found a hole to the Spider Nest.
 14870 | Lair:2   | Reached XP level 13. HP: 75/80 MP: 14/14
 15975 | Lair:4   | Reached ****** piety under Okawaru
 16251 | Lair:4   | Received a gift from Okawaru
 17377 | Lair:4   | Found a staircase to the Swamp.
 17932 | Lair:5   | Reached skill level 10 in Fighting
 18710 | Orc:1    | Entered Level 1 of the Orcish Mines
 19377 | Orc:1    | Found a shimmering blue altar of Sif Muna.
 19535 | Orc:1    | Received a gift from Okawaru
 19547 | Orc:1    | Got a brightly glowing morningstar {god gift}
 19548 | Orc:1    | Identified the +0 morningstar "Icuypit" {chaos, +Rage rC+
                  | rN++ Str-5} (Okawaru gifted it to you on level 1 of the
                  | Orcish Mines)
 19772 | Orc:2    | Entered Level 2 of the Orcish Mines
 20064 | Orc:2    | Reached skill level 10 in Armour
 20064 | Orc:2    | Gained mutation: Your large and strong wings let you fly
                  | indefinitely. [Gargoyle growth]
 20064 | Orc:2    | Reached XP level 14. HP: 58/88 MP: 17/17
 20073 | Orc:2    | Found Ukaxon's Assorted Antiques.
 20083 | Orc:2    | Found a staircase to the Elven Halls.
 20951 | Orc:2    | Paralysed by an orc sorcerer for 4 turns
 20960 | Orc:1    | Paralysed by an orc sorcerer for 4 turns
 20994 | Orc:1    | Reached skill level 5 in Invocations
 21717 | Orc:2    | Found Poetacui's Assorted Antiques.
 21718 | Orc:2    | Found Jostru's Distillery.
 21718 | Orc:2    | Found Kumer's General Store.
 21963 | Orc:1    | Received a gift from Okawaru
 22222 | Orc:2    | Noticed an orc warlord
 22420 | Orc:1    | Killed an orc warlord
 22458 | Orc:2    | Noticed an orc warlord
 22590 | Orc:1    | Killed an orc warlord
 23219 | Orc:2    | Identified the Incunabulum of the Compass and the Volcanoes
 23222 | Orc:2    | Identified Idarui's Handbook of Fiery Changing
 23638 | Lair:6   | Entered Level 6 of the Lair of Beasts
 24039 | Lair:6   | Noticed an entropy weaver
 24060 | Lair:5   | Killed an entropy weaver
 24148 | Lair:5   | Reached skill level 11 in Fighting
 24161 | Lair:5   | Reached skill level 5 in Evocations
 24559 | Lair:6   | Noticed an entropy weaver
 24602 | Lair:5   | Killed an entropy weaver
 24607 | Lair:5   | Received a gift from Okawaru
 25107 | Lair:6   | Reached XP level 15. HP: 95/95 MP: 19/19
 25693 | Lair:6   | Found a viscous altar of Jiyva.
 25693 | Lair:6   | Found a staircase to the Slime Pits.
 26065 | Lair:6   | Received a gift from Okawaru
 26066 | Lair:6   | Got a brightly glowing eveningstar {god gift}
 26067 | Lair:6   | Identified the +4 eveningstar "Emuhasm" {venom, rC+ MR+
                  | Str+4} (Okawaru gifted it to you on level 6 of the Lair of
                  | Beasts)
 26135 | Lair:6   | Reached skill level 15 in Shields
 28197 | D:12     | Found a runed translucent gate.
 28198 | D:12     | Found a runed translucent gate.
 28199 | D:12     | Found a runed translucent gate.
 28199 | D:12     | Noticed Jujoj's ghost (journeyman MiFi)
 28210 | D:12     | Found an iron altar of Okawaru.
 28238 | D:12     | Found Col Lyt's Gadget Shoppe.
 28342 | D:12     | Noticed Frances
 28360 | D:12     | Killed Frances
 28360 | D:12     | Received a gift from Okawaru
 28502 | D:12     | Reached skill level 15 in Maces & Flails
 28708 | D:12     | Found a roughly hewn altar of Beogh.
 29407 | D:13     | Reached skill level 12 in Fighting
 29955 | D:13     | Found a roughly hewn altar of Beogh.
 30739 | D:14     | Found a gate to the Vaults.
 30891 | D:14     | Noticed Azrael
 30912 | D:14     | Killed Azrael
 31337 | D:14     | Got a bone halberd
 31343 | D:14     | Identified the +6 halberd "Killer Bee's Regret" {vorpal,
                  | SInv} (You found it on level 14 of the Dungeon)
 31389 | D:14     | Reached XP level 16. HP: 99/101 MP: 20/20
 31737 | D:15     | Entered Level 15 of the Dungeon
 31834 | D:15     | Received a gift from Okawaru
 32154 | D:15     | Found a staircase to the Depths.
 33083 | Swamp:1  | Entered Level 1 of the Swamp
 33247 | Swamp:1  | Received a gift from Okawaru
 33715 | Swamp:1  | Received a gift from Okawaru
 33718 | Swamp:1  | Identified the +2 scale mail of Claustrophobia {+Blink MR+
                  | Str+7 Int-3} (Okawaru gifted it to you on level 1 of the
                  | Swamp)
 34255 | Swamp:2  | Noticed a thorn hunter
 34269 | Swamp:2  | Killed a thorn hunter
 34592 | Swamp:2  | Reached skill level 13 in Fighting
 36254 | Swamp:4  | Entered Level 4 of the Swamp
 36367 | Swamp:3  | Reached XP level 17. HP: 106/109 MP: 22/22
 36403 | Swamp:4  | Received a gift from Okawaru
 37197 | Swamp:4  | Identified the +3 leather armour "Ywaakh" {+Fly} (You found
                  | it on level 4 of the Swamp)
 38176 | Swamp:4  | Received a gift from Okawaru
 38658 | Swamp:4  | Got a decaying rune of Zot
 39110 | Orc:2    | Bought a scroll of teleportation for 69 gold pieces
 39110 | Orc:2    | Bought a scroll of identify for 46 gold pieces
 39113 | Orc:2    | Bought a potion of might for 52 gold pieces
 39113 | Orc:2    | Bought a potion of cancellation for 104 gold pieces
 39113 | Orc:2    | Bought a potion of berserk rage for 65 gold pieces
 39113 | Orc:2    | Bought a potion of cancellation for 104 gold pieces
 39124 | Orc:2    | Bought a potion of invisibility for 272 gold pieces
 39124 | Orc:2    | Bought a scroll of identify for 68 gold pieces
 39124 | Orc:2    | Bought a scroll of enchant weapon for 255 gold pieces
 39124 | Orc:2    | Bought a potion of invisibility for 272 gold pieces
 39397 | Spider:1 | Entered Level 1 of the Spider Nest
 40524 | Spider:1 | Received a gift from Okawaru
 42074 | Spider:2 | Received a gift from Okawaru
 42250 | Spider:2 | Reached XP level 18. HP: 103/116 MP: 24/24
 42568 | Spider:2 | Reached skill level 14 in Fighting
 42836 | Spider:2 | HP: 2/116 [meliai/divine providence (11)]
 42849 | Spider:2 | HP: 2/116 [meliai/divine providence (9)]
 43402 | Spider:3 | Noticed Bai Suzhen
 43575 | Spider:2 | Killed Bai Suzhen
 44262 | Spider:4 | Entered Level 4 of the Spider Nest
 45632 | Spider:4 | Noticed Donald
 45646 | Spider:4 | Killed Donald
 45646 | Spider:4 | Received a gift from Okawaru
 46904 | Spider:4 | Got a gossamer rune of Zot
 47390 | Lair:2   | Reached XP level 19. HP: 122/122 MP: 26/26
 47811 | D:13     | Received a gift from Okawaru
 47835 | D:12     | Killed Jujoj's ghost
 47874 | D:12     | Identified the +2 leather armour of Indomitability {*Slow
                  | rPois rN+ Int+8} (You found it on level 12 of the Dungeon)
 47882 | D:12     | Identified the +1 ring mail of Integrity {Str+2 Int+5} (You
                  | found it on level 12 of the Dungeon)
 48265 | Elf:1    | Entered Level 1 of the Elven Halls
 49462 | Elf:1    | Received a gift from Okawaru
 49506 | Elf:1    | Identified the +2 pair of boots "Noijac Wiash" {rC- rN+
                  | Stlth+} (Okawaru gifted it to you on level 1 of the Elven
                  | Halls)
 50403 | Elf:2    | Found Fifaruph's General Store.
 50405 | Elf:2    | Found Obroelatz's Antique Weapon Emporium.
 50414 | Elf:2    | Identified the +5 ring mail of the Constellations {*Corrode
                  | +Inv rPois Regen+} (You found it on level 2 of the Elven
                  | Halls)
 50479 | Elf:2    | Found Ytyr's Mayhem Merchandise.
 50581 | Elf:2    | Reached skill level 10 in Evocations
 50679 | Elf:2    | Found a runed translucent door.
 50711 | Elf:2    | Found a runed translucent door.
 50999 | Elf:2    | Reached skill level 15 in Fighting
 51800 | Elf:3    | Entered Level 3 of the Elven Halls
 51811 | Elf:3    | Found Imix's Distillery.
 51823 | Elf:3    | Bought a potion of might for 64 gold pieces
 51823 | Elf:3    | Bought a potion of might for 64 gold pieces
 51823 | Elf:3    | Bought a potion of invisibility for 128 gold pieces
 51823 | Elf:3    | Bought a potion of might for 64 gold pieces
 51823 | Elf:3    | Bought a potion of mutation for 128 gold pieces
 51823 | Elf:3    | Bought 2 potions of heal wounds for 160 gold pieces
 51823 | Elf:3    | Bought a potion of heal wounds for 80 gold pieces
 51823 | Elf:3    | Bought a potion of heal wounds for 80 gold pieces
 52049 | Elf:3    | Received a gift from Okawaru
 52049 | Elf:3    | Reached XP level 20. HP: 129/129 MP: 27/27
 52054 | Elf:3    | Identified the +0 pair of boots of Thoughtfulness {Dex+2}
                  | (Okawaru gifted it to you on level 3 of the Elven Halls)
 52369 | Elf:3    | Identified the ring of Atheism {MR+ Str+2 Dex-5 SInv}
 54678 | Vaults:1 | Entered Level 1 of the Vaults
 56969 | Vaults:1 | Received a gift from Okawaru
 57923 | Vaults:2 | Found Lixo's Gadget Boutique.
 59275 | Vaults:2 | Reached XP level 21. HP: 110/136 MP: 22/29
 59283 | Vaults:2 | Reached skill level 16 in Fighting
 60962 | Vaults:3 | Received a gift from Okawaru
 61118 | Vaults:2 | Received a gift from Okawaru
 61132 | Vaults:2 | Got an amethyst-studded chain mail {god gift}
 61153 | Vaults:2 | Identified the +0 chain mail "Detasot" {MR+} (Okawaru
                  | gifted it to you on level 2 of the Vaults)
 62166 | Vaults:3 | Noticed Margery
 62191 | Vaults:3 | Killed Margery
 64020 | Vaults:3 | Found a staircase to the Crypt.
 64052 | Vaults:3 | Got an ichor-stained arbalest
 64826 | Elf:3    | Reached XP level 22. HP: 144/144 MP: 30/30
 65249 | Elf:3    | Identified Obluyrenlu's Incunabulum of Cold
 65292 | Elf:3    | Received a gift from Okawaru
 65293 | Elf:3    | Found the +2 ratskin cloak {+Rats rPois rN+ Str-1 Int-1
                  | Dex+1}
 65413 | Elf:3    | Identified Achedid's Handbook of the Traveller and Moulding
 65663 | D:10     | Bought a scroll of blinking for 150 gold pieces
 65663 | D:10     | Bought a scroll of enchant weapon for 150 gold pieces
 65997 | Vaults:4 | Reached skill level 17 in Fighting
 66681 | Vaults:4 | Noticed Xtahua
 66803 | Vaults:4 | Paralysed by Xtahua for 3 turns
 66816 | Vaults:4 | Killed Xtahua
 67820 | Vaults:4 | Reached skill level 18 in Fighting
 67999 | Vaults:4 | Reached skill level 1 in Throwing
 68036 | Vaults:4 | Found a radiant altar of Vehumet.
 68118 | Vaults:4 | Got an ichor-stained robe
 68129 | Vaults:4 | Identified the cursed +1 robe "Vimeisch" {rPois rC+ SInv}
                  | (You found it on level 4 of the Vaults)
 68163 | Vaults:4 | Got a heavy robe
 68174 | Vaults:4 | Identified the cursed +0 robe of Weightlessness {rN++} (You
                  | found it on level 4 of the Vaults)
 69399 | Depths:1 | Entered Level 1 of the Depths
 69911 | Depths:1 | Found Zeyb's Food Emporium.
 69916 | Depths:1 | Found Weamafat's Weapon Shop.
 70597 | D:15     | Received a gift from Okawaru
 70699 | Depths:1 | Noticed Nikola
 70712 | Depths:1 | Killed Nikola
 70712 | Depths:1 | Reached skill level 19 in Fighting
 71801 | Depths:1 | Reached XP level 23. HP: 155/155 MP: 32/32
 71958 | Depths:1 | Found a runed translucent gate.
 71959 | Depths:1 | Found a runed translucent gate.
 71962 | Depths:1 | Found a runed translucent gate.
 72024 | Depths:1 | Identified the ring "Qurebbit" {Wiz Int+3}
 72228 | Depths:1 | Found a gateway to Hell.
 72494 | Depths:1 | Bought a ration for 50 gold pieces
 72494 | Depths:1 | Bought a ration for 50 gold pieces
 72494 | Depths:1 | Bought a ration for 50 gold pieces
 72494 | Depths:1 | Bought a ration for 50 gold pieces
 72494 | Depths:1 | Bought a ration for 50 gold pieces
 73660 | Depths:2 | Found a shimmering altar of Xom.
 73666 | Depths:2 | Found Mahynkau's Antique Armour Shop.
 73668 | Depths:2 | Found Qit Reor's General Store.
 73670 | Depths:2 | Found Etroghu's Book Shop.
 74189 | Depths:1 | Reached skill level 20 in Fighting
 75341 | Depths:2 | Found Jaibb's Book Boutique.
 75392 | Depths:2 | Received a gift from Okawaru
 75847 | Depths:2 | Found a gateway to a ziggurat.
 75923 | Depths:2 | Received a gift from Okawaru
 76589 | Depths:2 | Got an encrusted plate armour
 76600 | Depths:2 | Identified the +5 plate armour of Submission {rElec rC++
                  | rN+ Dex+2} (You found it on level 2 of the Depths)
 76895 | Depths:1 | Bought a ration for 50 gold pieces
 76895 | Depths:1 | Bought a ration for 50 gold pieces
 76895 | Depths:1 | Bought a ration for 50 gold pieces
 76895 | Depths:1 | Bought a ration for 50 gold pieces
 77153 | Depths:2 | Reached skill level 21 in Fighting
 77488 | Depths:3 | Found Taotoeb's Assorted Antiques.
 77556 | Depths:3 | Bought a scroll of enchant armour for 172 gold pieces
 77634 | Depths:3 | Found a one-way gate leading to the halls of Pandemonium.
 77960 | Depths:3 | Reached XP level 24. HP: 161/166 MP: 32/32
 78494 | Depths:3 | Noticed a caustic shrike
 78503 | Depths:3 | Killed a caustic shrike
 78545 | Depths:3 | Noticed a juggernaut
 78545 | Depths:3 | Identified the +6 trident of Beogh's Anger {drain, Dex+2}
 78604 | Depths:3 | Killed a juggernaut
 78604 | Depths:3 | Received a gift from Okawaru
 78646 | Depths:3 | Got a steaming mace {god gift}
 78647 | Depths:3 | Identified the +0 mace of Ucataott {speed, Dex+3} (Okawaru
                  | gifted it to you on level 3 of the Depths)
 78715 | Depths:3 | Reached skill level 22 in Fighting
 79672 | Depths:4 | Paralysed by a floating eye for 4 turns
 79920 | Depths:4 | Reached skill level 5 in Throwing
 79959 | Depths:4 | Noticed a juggernaut
 79963 | Depths:4 | Noticed a caustic shrike
 79968 | Depths:4 | Noticed a caustic shrike
 80020 | Depths:4 | Noticed a caustic shrike
 80032 | Depths:4 | Killed a caustic shrike
 80034 | Depths:4 | Noticed a caustic shrike
 80041 | Depths:4 | Killed a caustic shrike
 80041 | Depths:4 | Reached skill level 10 in Invocations
 80047 | Depths:4 | Killed a caustic shrike
 80047 | Depths:4 | Received a gift from Okawaru
 80074 | Depths:5 | Entered Level 5 of the Depths
 81110 | Depths:4 | Reached skill level 23 in Fighting
 81536 | Depths:4 | Killed a juggernaut
 81928 | Depths:4 | Paralysed by a floating eye for 3 turns
 82007 | Depths:4 | Killed a caustic shrike
 82193 | Depths:4 | Reached XP level 25. HP: 159/176 MP: 32/32
 82457 | Depths:4 | Received a gift from Okawaru
 82771 | Depths:4 | Found a one-way gate to the infinite horrors of the Abyss.
 83493 | Depths:5 | Reached skill level 24 in Fighting
 83577 | Depths:5 | Noticed Louise
 83588 | Depths:5 | Killed Louise
 83588 | Depths:5 | Received a gift from Okawaru
 83613 | Depths:5 | Got a pair of slimy gloves {god gift}
 83619 | Depths:5 | Identified the +2 pair of gloves "Jethruiz" {Regen+ MP+9}
                  | (Okawaru gifted it to you on level 5 of the Depths)
 84427 | Depths:5 | Found a portal to a secret trove of treasure.
 84808 | Orc:2    | Bought a potion of curing for 39 gold pieces
 84808 | Orc:2    | Bought a potion of curing for 39 gold pieces
 84924 | Elf:3    | Bought a potion of curing for 48 gold pieces
 85186 | D:5      | Bought a potion of curing for 36 gold pieces
 85186 | D:5      | Bought 2 potions of curing for 72 gold pieces
 85186 | D:5      | Bought a potion of curing for 36 gold pieces
 85186 | D:5      | Bought a potion of might for 48 gold pieces
 85186 | D:5      | Bought a potion of might for 48 gold pieces
 85678 | Depths:5 | You paid a toll of 14 potions of curing to enter a treasure
                  | trove
 85679 | Trove    | Entered a treasure trove
 86111 | Depths:5 | Found a gate to the Realm of Zot.
 86182 | Depths:5 | Identified the cursed +0 crystal plate armour of Loss
                  | {rC+++} (You found it on level 5 of the Depths)
 87764 | Vaults:5 | Entered Level 5 of the Vaults
 87845 | Vaults:4 | Reached skill level 25 in Fighting
 88031 | Vaults:4 | Received a gift from Okawaru
 88034 | Vaults:4 | Identified the +11 hand crossbow of Offence {flame, rC+
                  | Str+4 Stlth+} (Okawaru gifted it to you on level 4 of the
                  | Vaults)
 88672 | Vaults:5 | Reached XP level 26. HP: 185/188 MP: 33/33
 88687 | Vaults:5 | Reached skill level 1 in Crossbows
 89115 | Vaults:5 | Identified the +1 ring mail of Shadows and Fog {+Fly MP+9
                  | Int+4}
 89599 | Vaults:5 | Received a gift from Okawaru
 89637 | Vaults:5 | Reached skill level 26 in Fighting
 89869 | Vaults:5 | Noticed Mara
 89873 | Vaults:5 | Noticed rhoddlet's illusion
 89927 | Vaults:5 | Killed Mara
 90564 | Vaults:5 | Identified the cursed +0 plate armour "Fokhimua" {rN+} (You
                  | found it on level 5 of the Vaults)
 90572 | Vaults:5 | Identified the Reference Book on the Creative Rocks
 90678 | Vaults:5 | Got a silver rune of Zot
 90948 | Vaults:5 | Identified the +0 robe "Zemek" {rCorr}
 91230 | Vaults:5 | Reached skill level 27 in Fighting
 91285 | Vaults:5 | Received a gift from Okawaru
 91401 | Vaults:5 | Identified the +1 ring mail of Winter {*Slow rN+ Dex+2
                  | Slay+5} (You found it on level 5 of the Vaults)
 92319 | D:10     | Bought the +9 war axe "Detile" {freeze, -Tele Dex+8 Stlth+}
                  | for 939 gold pieces
 92601 | Depths:2 | Bought a ration for 60 gold pieces
 92601 | Depths:2 | Bought a ration for 60 gold pieces
 92601 | Depths:2 | Bought a ration for 60 gold pieces
 92734 | Zot:1    | Entered Level 1 of the Realm of Zot
 93030 | Zot:1    | Reached skill level 1 in Axes
 93041 | Zot:1    | Reached skill level 5 in Crossbows
 93041 | Zot:1    | Reached XP level 27. HP: 182/199 MP: 34/34
 93284 | Depths:5 | Reached skill level 15 in Evocations
 93940 | Zot:1    | Found a runed translucent door.
 93941 | Zot:1    | Noticed krigyl's ghost (veteran TrMo)
 94164 | Zot:1    | Received a gift from Okawaru
 94226 | Zot:1    | Reached skill level 5 in Axes
 95310 | Elf:2    | Bought a potion of mutation for 128 gold pieces
 95310 | Elf:2    | Bought a ration for 80 gold pieces
 95956 | Zot:1    | Received a gift from Okawaru
 96222 | Zot:2    | Noticed an orb of fire
 96260 | Zot:2    | Received a gift from Okawaru
 96319 | Zot:2    | Gained mutation: Armour fits poorly on your strangely
                  | shaped body. [an orb of fire]
 96325 | Zot:2    | Gained mutation: Your body sometimes deteriorates upon
                  | taking damage. [an orb of fire]
 96330 | Zot:2    | Gained mutation: Potions are less effective at restoring
                  | your health. [an orb of fire]
 96346 | Zot:2    | Gained mutation: You are dopey. (Int -2) [an orb of fire]
 96352 | Zot:2    | Killed an orb of fire
 96968 | Vaults:4 | Lost mutation: Your body sometimes deteriorates upon taking
                  | damage. [potion of mutation]
 96968 | Vaults:4 | Lost mutation: You are dopey. (Int -2) [potion of mutation]
 96968 | Vaults:4 | Gained mutation: You have sharp toenails. [potion of
                  | mutation]
 96968 | Vaults:4 | Gained mutation: You expend magic power (3 MP) to
                  | strengthen your wands. [potion of mutation]
 96968 | Vaults:4 | Gained mutation: You passively map a small area around you.
                  | [potion of mutation]
 99944 | Zot:3    | Received a gift from Okawaru
 99947 | Zot:3    | Identified the +8 morningstar of Optimality {venom, +Blink
                  | rN+ Int+3} (Okawaru gifted it to you on level 3 of the
                  | Realm of Zot)
100005 | Zot:3    | Reached skill level 10 in Axes
100596 | Zot:3    | Received a gift from Okawaru
101350 | Zot:1    | Killed krigyl's ghost
101613 | Depths:2 | Bought a wand of digging (4) for 192 gold pieces
101822 | D:10     | Bought a wand of digging (2) for 160 gold pieces
104242 | Zot:4    | Received a gift from Okawaru
105140 | Zot:5    | Entered Level 5 of the Realm of Zot
105669 | Zot:5    | Received a gift from Okawaru
105874 | Zot:5    | Received a gift from Okawaru
106546 | Zot:5    | Noticed an ancient lich
107135 | Zot:5    | Noticed an orb of fire
107142 | Zot:5    | Noticed an orb of fire
107149 | Zot:5    | Gained mutation: You are occasionally teleported next to
                  | monsters. [an orb of fire]
107188 | Zot:5    | Killed an orb of fire
107245 | Zot:5    | Gained mutation: Your magical capacity is low. (-10% MP)
                  | [an orb of fire]
107251 | Zot:5    | Gained mutation: You are sometimes teleported next to
                  | monsters. [an orb of fire]
107265 | Zot:5    | Gained mutation: You are clumsy. (Dex -2) [an orb of fire]
107266 | Zot:5    | Gained mutation: You are very clumsy. (Dex -4) [an orb of
                  | fire]
107272 | Zot:5    | Killed an orb of fire
107272 | Zot:5    | Received a gift from Okawaru
107272 | Zot:5    | Reached skill level 15 in Axes
107340 | Zot:5    | Noticed an orb of fire
107354 | Zot:5    | Gained mutation: Scrolls take you a little longer to read.
                  | [an orb of fire]
107359 | Zot:5    | Gained mutation: You tend to lose your temper in combat.
                  | [an orb of fire]
107385 | Zot:5    | Killed an ancient lich
107401 | Zot:5    | Killed an orb of fire
107401 | Zot:5    | Received a gift from Okawaru
107401 | Zot:5    | Reached skill level 10 in Crossbows
107443 | Zot:5    | Identified the +5 ring mail of the Great Game {rElec Str+6
                  | Dex-2} (Okawaru gifted it to you on level 5 of the Realm of
                  | Zot)
107593 | Zot:5    | Noticed an ancient lich
107957 | Zot:5    | Noticed an ancient lich
107957 | Zot:5    | Noticed an ancient lich
107957 | Zot:5    | Noticed an orb of fire
107957 | Zot:5    | Noticed an ancient lich
107960 | Zot:5    | Noticed an orb of fire
107962 | Zot:5    | Gained mutation: You are dopey. (Int -2) [an orb of fire]
107966 | Zot:5    | Gained mutation: Your body sometimes deteriorates upon
                  | taking damage. [an orb of fire]
107977 | Zot:5    | HP: 8/199 [Orb Guardian (21)]
107978 | Zot:5    | Slain by an Orb Guardian

Levels and vault maps discovered:
D:1:      dpeg_arrival_line_fractal, layout_loops_ring, palyth_stone_intersect
D:2:      wad_pebble_path, layout_loops_ring, st_stairs_11,
          minmay_misc_feat_five, uniq_jessica, uniq_terence
D:3:      layout_basic, chequers_ecumenical_altar_island, serial_curves,
          eino_curves_04, eino_curves_01, first_ration, trog_hazing_becter,
          uniq_grinder, uniq_crazy_yiuf_cottage, uniq_robin
D:4:      layout_basic, grunt_temple_overflow_open, dancing_weapons_uskayaw,
          minmay_temple_entry_wispy, cheibrodos_gnoll_hut
D:5:      kennysheep_slugbush, layout_gridville, serial_shops, shop_fountains,
          serial_bayou_crossing, uniq_pikel
D:6:      layout_gridville, makhleb_blood_cavern_becter
D:7:      layout_loops_ring, the_bakery, kennysheep_generic_room_9
D:8:      layout_rooms, kennysheep_mini_moat, david_lair_shrubbed,
          serial_undead, serial_undead_a, serial_undead_f, serial_undead_b,
          serial_undead_c
D:9:      layout_loops_ring, kennysheep_little_box
D:10:     layout_roguey, david_orc_1_choice, serial_shops, shop,
          nicolae_shop_crystal, shop, eino_small_chamber_without_monster,
          nicolae_gozag_zags_fifth_avenue
D:11:     layout_stronghold, kennysheep_windowed_goal
D:12:     layout_roguey, serial_shops, shop, gammafunk_ghost_fury_of_okawaru,
          special_room [special_room_orc], uniq_frances
D:13:     lemuel_upstairs_altar, layout_loops_ring, eino_tiny_chamber,
          david_defended_altar_orc
D:14:     layout_cross, david_vaults_2, hex_tiny,
          chequers_serial_rivers_micro_c, uniq_azrael
D:15:     gammafunk_depths_entry_grave, layout_loops_cross,
          hangedman_abyss_or_decor_jellyfish_corner, lightli_corner_chamber
Temple:   hc_temple_tempest_star
Lair:1:   layout_misc_corridors, nicolae_volcano_entry_two_sided,
          grunt_megastairs_5, serial_bayou_shore_a, uniq_joseph
Lair:2:   statuecave_lemuel, layout_regular_city, spider_nest_entry_webs,
          st_stairs_3, nzn_random_ring, grunt_megastairs_2,
          infiniplex_staircase_pool
Lair:3:   layout_cave_pods
Lair:4:   layout_concentric_octagons, nicolae_swamp_entry_splash_gauntlet,
          lemuel_oklob_altar
Lair:5:   layout_roguey
Lair:6:   gammafunk_lair_ancient_temple, layout_cave_shapes,
          dpeg_slime_entry_enclosed_altar, chequers_serial_rivers_small_3,
          st_stairs_4, minivault_29, minmay_lair_oklob_chamber,
          lemuel_fruit_tree, infiniplex_staircase_pool_2
Swamp:1:  layout_basic_swamp, evilmike_swamp_ruin_house_3
Swamp:2:  layout_falls_marsh, evilmike_swamp_ruin_rubble_2
Swamp:3:  layout_basic_swamp, evilmike_swamp_ruin_wall
Swamp:4:  swamp_icy, layout_basic_swamp, swamp_pool1
Spider:1: layout_chambers
Spider:2: nicolae_spider_hall_of_the_moth_king, drop_trap
Spider:3: layout_spider_delve, guppyfry_spider_mini_1, uniq_bai_suzhen
Spider:4: spider_rune_water, uniq_donald
Orc:1:    layout_caves, nicolae_orc_rockfall, led_sif_book
Orc:2:    st_orc_elflike, layout_caves, minmay_orc_treasury
Elf:1:    minmay_elf_arrival_summoners, layout_rooms, minmay_elf_crystal_hexagon
Elf:2:    layout_rooms, minmay_crystal_room, minivault_24, minmay_shop_mayhem,
          minmay_shoptagon
Elf:3:    elf_hall, layout_rooms, serial_shops, nicolae_shop_stone,
          nicolae_wwwww, uniq_louise
Vaults:1: serial_ice_h, hangedman_vaults_trim, nicolae_vaults_alarming,
          vaults_standard_mumra_x, vaults_dpeg_cross, vaults_mumra_lcd,
          layout_vaults_quadrants
Vaults:2: v_misc_17, v_misc_14, ontoclasm_vaults_chip, v_misc_1,
          v_alt_pattern_4, serial_ice_m, nicolae_vaults_stairing_the_circle,
          ontoclasm_vaults_ring_square, v_misc_10, v_pattern_5,
          nicolae_vaults_little_squares_5, layout_vaults_chaotic_city,
          serial_shops, shop
Vaults:3: vaults_dpeg_hooks, v_misc_19, minmay_crypt_entry_simple_box,
          nicolae_vaults_meeting, hangedman_vaults_capsules,
          vaults_mumra_minichess, dpeg_vaults_monster_row,
          nicolae_vaults_yaktaur_gun_rack, nicolae_vaults_inception_statues,
          ontoclasm_vaults_decontamination, ontoclasm_vaults_spin, v_misc_4,
          layout_vaults_omnibox, uniq_margery
Vaults:4: ontoclasm_vaults_twist, vaults_room_semicircle, vaults_dpeg_doors,
          vaults_standard_mumra_enter_the_diamond,
          nicolae_vaults_twisting_passages, hangedman_vaults_variations,
          v_misc_29, ontoclasm_vaults_gateway, grunt_tower_of_power,
          ontoclasm_vaults_claustrophobia, nicolae_vaults_mini_display_case,
          vaults_room_hallway, v_misc_2, ontoclasm_vaults_pinch,
          layout_vaults_big_cross, uniq_xtahua
Vaults:5: uniq_mara
Depths:1: minmay_expanding_squares, layout_cave_pools,
          minmay_misc_feat_more_columns, serial_shops, shop, shop, hell_entry,
          serial_sigils_hangedman_etch, pandoras_box_mu, uniq_nikola
Depths:2: kennysheep_scales, layout_cave_pools, enter_ziggurat_c, hell_entry,
          serial_shops, shop, basic_altar, grunt_ministairs_15,
          minmay_misc_feat_alley, eino_small_chamber_without_monster,
          minmay_shop_star, serial_bayou_shore_b, infiniplex_staircase_9_rooms
Depths:3: minmay_sliced_demisemicircle, layout_small_grid, serial_shops,
          nicolae_shop_overgrown_old_shop, rand_demon_pan_entry_3,
          grunt_hell_entry_dis_mu, bh_walls_and_bars, kennysheep_generic_room_6,
          minmay_staircase_statues
Depths:4: grunt_arcs, layout_gridlike, pf_hell_entry_tar_spiral,
          marbit_kobold_abyss_entry, infiniplex_staircase_pillars_3b
Depths:5: lemuel_castle_with_subvaults [lemuel_castle_interior_carwin_1],
          layout_basic, enter_trove_3, kennysheep_flooded_box,
          nicolae_abyss_entry_one_way_or_another, hell_entry, grunt_megastairs_4
Zot:1:    layout_misc_corridors, ebering_ghost_inner_flame
Zot:2:    layout_cathedral_of_symmetry, hangedman_elemental_grid_stream,
          lemuel_elevator
Zot:3:    kennysheep_ambush_hall, layout_onion_interference, grunt_megastairs_1
Zot:4:    infiniplex_zot_generator, layout_misc_corridors
Zot:5:    layout_gridlike, st_stairs_5, drop_trap

Skill      XL: |  1  2  3  4  5  6  7  8  9 10 11 12 13 14 15 16 17 18 19 20 21 22 23 24 25 26 27 |
---------------+----------------------------------------------------------------------------------+-----
Maces & Flails | 3 4 5 6 9 10 11 12 13 14 15 16 | 16.0
Dodging        | 1 2 3 4 |  4.6
Shields        | 4 5 6 7 8 9 11 12 13 14 15 17 19 21 22 24 25 | 25.9
Fighting       | 4 5 7 9 10 11 12 13 14 15 16 19 21 23 25 27 | 27.0
Armour         | 4 5 6 7 8 9 10 11 | 11.5
Stealth        | 1 2 3 4 |  4.7
Evocations     | 1 3 5 6 7 8 9 10 11 12 13 14 17 | 17.0
Invocations    | 1 4 6 8 9 10 11 12 14 | 14.6
Throwing       | 2 4 5 7 |  7.1
Crossbows      | 5 10 | 10.0
Axes           | 1 15 | 15.6
Slings         | |  0.7

Action                   |  1- 3 |  4- 6 |  7- 9 | 10-12 | 13-15 | 16-18 | 19-21 | 22-24 | 25-27 || total
-------------------------+-------+-------+-------+-------+-------+-------+-------+-------+-------++-------
Melee: Flail             |   121 |    93 |    60 |   507 |  1271 |       |       |       |       ||  2052
       Mace              |       |    83 |   428 |   459 |       |       |       |       |       ||   970
       Whip              |       |       |       |    83 |    19 |       |       |       |       ||   102
       Morningstar       |       |       |       |       |   260 |   154 |  1434 |   405 |     9 ||  2262
       Eveningstar       |       |       |       |       |   486 |  1545 |   723 |  1398 |  1932 ||  6084
       Demon whip        |       |       |       |       |       |       |       |    53 |    90 ||   143
       War axe           |       |       |       |       |       |       |       |       |   789 ||   789
 Fire: Hunting sling     |       |       |    10 |       |       |       |       |       |       ||    10
       Hand crossbow     |       |       |       |       |       |       |       |       |    19 ||    19
Throw: Boomerang         |       |       |       |       |       |    11 |     1 |     2 |       ||    14
Invok: Heroism           |       |       |     1 |     7 |    12 |    13 |    12 |    14 |    14 ||    73
       Finesse           |       |       |       |       |     6 |     4 |     9 |     6 |     8 ||    33
 Abil: Fly               |       |       |       |       |       |     2 |       |     2 |       ||     4
       Stop Flying       |       |       |       |       |       |     2 |       |     1 |       ||     3
       Evoke Blink       |       |       |       |       |       |     1 |       |       |       ||     1
Evoke: Wand              |       |       |       |    13 |     4 |    11 |     2 |     4 |     4 ||    38
       Lightning rod     |       |       |       |       |     1 |     3 |    11 |     7 |     2 ||    24
       Lamp of fire      |       |       |       |       |       |       |     5 |     4 |     4 ||    13
       Phial of floods   |       |       |       |       |       |       |       |       |     1 ||     1
  Use: Scroll            |       |     5 |    14 |    10 |    16 |    19 |    24 |    15 |    28 ||   131
       Potion            |       |     2 |     1 |       |     4 |    14 |    11 |     2 |    11 ||    45
 Stab: Paralysed         |       |       |       |     4 |       |       |       |       |       ||     4
       Invisible         |       |       |       |       |       |     5 |       |       |       ||     5
       Held in net/web   |       |       |       |       |       |     1 |       |       |       ||     1
       Distracted        |       |       |       |       |       |       |     1 |       |     1 ||     2
       Sleeping          |       |       |       |       |       |       |     1 |       |       ||     1
       Confused          |       |       |       |       |       |       |       |       |     1 ||     1
  Eat: Chunk             |       |     6 |     8 |    15 |    23 |     4 |    28 |    13 |    10 ||   107
       Ration            |       |       |     2 |     4 |     9 |    14 |     9 |    12 |    22 ||    72
Armor: Scale mail        |    79 |   122 |   205 |       |    89 |   924 |   191 |     1 |       ||  1611
       Plate armour      |       |       |    12 |   471 |   757 |       |   303 |   703 |   200 ||  2446
       Skin              |       |       |       |       |       |       |     9 |       |       ||     9
       Gold dragon scale |       |       |       |       |       |       |       |       |  1027 ||  1027
Dodge: Dodged            |    49 |    79 |   155 |   263 |   520 |   841 |   358 |   444 |   607 ||  3316
       Deflected         |       |       |       |       |    32 |    16 |       |       |       ||    48
Block: Shield            |    78 |   118 |   221 |   633 |  1415 |  1620 |   362 |   940 |  2249 ||  7636
       Large shield      |       |       |       |       |       |   506 |  1768 |   759 |    17 ||  3050

Table legend:
 A = Non-vault XP
 B = Vault XP
 C = Vault XP percentage of total XP
 D = Non-vault monster count
 E = Vault monster count
 F = Vault count percentage of total count
                 A         B        C        D         E       F
            +---------+---------+-------+---------+---------+-------
      Total |  880433 |  769646 |  46.6 |    1582 |     852 |  35.0
            +---------+---------+-------+---------+---------+-------
        D:1 |      64 |       0 |   0.0 |      29 |       0 |   0.0
        D:2 |      80 |      79 |  49.7 |      12 |       5 |  29.4
        D:3 |     307 |     286 |  48.2 |      27 |      14 |  34.1
        D:4 |     177 |      94 |  34.7 |      13 |       3 |  18.8
        D:5 |     435 |     645 |  59.7 |      12 |       5 |  29.4
        D:6 |    1168 |     142 |  10.8 |      29 |       2 |   6.5
        D:7 |    1590 |     215 |  11.9 |      54 |       1 |   1.8
        D:8 |     869 |    1073 |  55.3 |      17 |      12 |  41.4
        D:9 |    2426 |       0 |   0.0 |      16 |       0 |   0.0
       D:10 |    3766 |     742 |  16.5 |      44 |       9 |  17.0
       D:11 |    6615 |     214 |   3.1 |      45 |       1 |   2.2
       D:12 |    5280 |    8066 |  60.4 |      24 |      32 |  57.1
       D:13 |    7644 |    4527 |  37.2 |      30 |      11 |  26.8
       D:14 |    7634 |    3098 |  28.9 |      27 |       6 |  18.2
       D:15 |   30287 |    7919 |  20.7 |      47 |      10 |  17.5
     Lair:1 |    1655 |    1431 |  46.4 |      10 |       2 |  16.7
     Lair:2 |   14034 |    4059 |  22.4 |      52 |      13 |  20.0
     Lair:3 |    1997 |       0 |   0.0 |       9 |       0 |   0.0
     Lair:4 |    8417 |     643 |   7.1 |      29 |       4 |  12.1
     Lair:5 |    9407 |   10979 |  53.9 |      38 |      42 |  52.5
     Lair:6 |    8919 |    9596 |  51.8 |      31 |      36 |  53.7
    Swamp:1 |    8667 |       0 |   0.0 |      21 |       0 |   0.0
    Swamp:2 |   14739 |       0 |   0.0 |      28 |       0 |   0.0
    Swamp:3 |   12297 |       0 |   0.0 |      32 |       0 |   0.0
    Swamp:4 |   17333 |    7347 |  29.8 |      31 |      32 |  50.8
   Spider:1 |   11026 |       0 |   0.0 |      37 |       0 |   0.0
   Spider:2 |   20606 |   11574 |  36.0 |      60 |      12 |  16.7
   Spider:3 |   18555 |    1495 |   7.5 |      52 |       6 |  10.3
   Spider:4 |   12991 |   26507 |  67.1 |      35 |      39 |  52.7
      Orc:1 |    2416 |   10050 |  80.6 |      29 |      42 |  59.2
      Orc:2 |     374 |    7350 |  95.2 |       3 |      29 |  90.6
      Elf:1 |   25162 |    9031 |  26.4 |      41 |      15 |  26.8
      Elf:2 |   13329 |   35435 |  72.7 |      25 |      37 |  59.7
      Elf:3 |    9285 |   31331 |  77.1 |      17 |      20 |  54.1
   Vaults:1 |   35607 |    3677 |   9.4 |      56 |       8 |  12.5
   Vaults:2 |   27649 |   29022 |  51.2 |      57 |      45 |  44.1
   Vaults:3 |   31526 |   41220 |  56.7 |      45 |      43 |  48.9
   Vaults:4 |   29434 |   80129 |  73.1 |      32 |      68 |  68.0
   Vaults:5 |   34066 |   93502 |  73.3 |      39 |      55 |  58.5
   Depths:1 |   33348 |   24739 |  42.6 |      40 |      19 |  32.2
   Depths:2 |   37271 |    9696 |  20.6 |      40 |      14 |  25.9
   Depths:3 |   47013 |   24065 |  33.9 |      52 |      18 |  25.7
   Depths:4 |   21872 |   61677 |  73.8 |      27 |      38 |  58.5
   Depths:5 |   80548 |   53632 |  40.0 |      63 |      42 |  40.0
      Zot:1 |   39879 |    8681 |  17.9 |      24 |       2 |   7.7
      Zot:2 |   41947 |   22389 |  34.8 |      22 |      11 |  33.3
      Zot:3 |   67870 |   21841 |  24.3 |      38 |      10 |  20.8
      Zot:4 |   29204 |   23950 |  45.1 |      16 |      17 |  51.5
      Zot:5 |   43648 |   77498 |  64.0 |      25 |      22 |  46.8
            +---------+---------+-------+---------+---------+-------
